Hershey Bears vs Sherbrooke Phoenix

Created - 24 novembre 2017 at 19:59

Goals
1 2 3 T
Hershey Bears 1 5 1 7
Sherbrooke Phoenix 1 2 3 6
Shots
1 2 3 T
Hershey Bears 6 16 7 29
Sherbrooke Phoenix 8 8 10 26

1st period

1. Hershey Bears , Chris Bourque 10 (Mike Blunden 8, Chris Wagner 11) at 11:54
2. Sherbrooke Phoenix , Daniel Zaar 16 (Casey Bailey 10, Mike Weber 2) at 19:31 (PP)

Penalties :
Mark Fraser (BEA) for Hooking (Minor) at 17:58

2nd period

3. Hershey Bears , Mike Blunden 5 (Nicolas Deslauriers 6, Chris Bourque 14) at 1:22
4. Hershey Bears , Carter Camper 4 (Brendan Gaunce 4, Colby Cave 7) at 3:34
5. Hershey Bears , Colby Cave 5 (Carter Camper 4, Michael Kostka 7) at 6:05
6. Hershey Bears , Cory Conacher 15 (Mark Fraser 3) at 8:11
7. Sherbrooke Phoenix , Max Friberg 8 (Casey Bailey 11, Jordan Subban 8) at 8:45 (SH)
8. Sherbrooke Phoenix , Casey Bailey 6 (Max Friberg 4) at 8:51 (SH)
9. Hershey Bears , Chris Wagner 12 (Tyler Wotherspoon 5, Mike Blunden 9) at 12:48

Penalties :
Mike Weber (PHO) for Fighting (Major) at 0:15, Michael Kostka (BEA) for Fighting (Major) at 0:15, Mike Weber (PHO) for Roughing (Minor) at 8:28, Brendan Gaunce (BEA) for Hooking (Minor) at 14:58, Mike Weber (PHO) for Fighting (Major) at 18:49, Matt Carle (BEA) for Fighting (Major) at 18:49, Brandon Mashinter (PHO) for Cross-checking (Minor) at 19:27

3rd period

10. Sherbrooke Phoenix , Casey Bailey 7 (Daniel Zaar 18, Max Friberg 5) at 8:29 (PP)
11. Sherbrooke Phoenix , Pascal Pelletier 3 (Tommy Hughes 2) at 11:27
12. Hershey Bears , Cory Conacher 16 (Andy Miele 18) at 19:37 (Empty Net)
13. Sherbrooke Phoenix , Casey Bailey 8 (Blake Coleman 28, Antoine Bibeau) at 19:53

Penalties :
Carter Camper (BEA) for Hooking (Minor) at 8:17, Dalton Prout (BEA) for Interference (Minor) at 9:06, Brandon Mashinter (PHO) for Tripping (Minor) at 14:30, Daniel Zaar (PHO) for Fighting (Major) at 19:59, Michael Kostka (BEA) for Fighting (Major) at 19:59

Goalie Stats

Mike McKenna (BEA), 20 saves from 26 shots - (0,769), W, 7-7-4, 60:00 minutes
Vitek Vanecek (PHO), 9 saves from 13 shots - (0,692), 26:05 minutes
Antoine Bibeau (PHO), 13 saves from 15 shots - (0,867), L, 5-3-0, 33:36 minutes

Players Stats for Hershey Bears

Player Name              G  A  P  +/- PIM S  H  SB GA TA FO     MP     PP MP  PK MP  
------------------------------------------------------------------------------------
Andrew Desjardins        0  0  0  -1  0   1  1  0  2  0  1/2    21:46   3:36   1:40 
Andy Miele               0  1  1  -2  0   3  2  2  2  0  17/32  23:47   3:36   3:05 
Brendan Gaunce           0  1  1   2  2   1  0  0  0  0  0/0    12:23   0:00   0:00 
Carter Camper            1  1  2   2  2   1  2  0  0  0  0/1    11:57   0:00   0:00 
Chris Bourque            1  1  2   3  0   4  1  0  0  1  0/0    15:56   2:21   0:03 
Chris Wagner             1  1  2   3  0   3  0  0  0  0  5/12   17:25   2:21   1:40 
Colby Cave               1  1  2   2  0   1  1  1  0  0  4/5    12:41   0:00   0:00 
Cory Conacher            2  0  2  -1  0   7  3  0  0  0  5/7    25:09   3:36   2:56 
Cristoval Nieves         0  0  0  -1  0   0  1  0  0  1  0/0     7:45   0:00   0:56 
Dalton Prout             0  0  0  -2  2   2  3  4  1  1  0/0    28:48   4:15   2:30 
James Wisniewski         0  0  0  -1  0   0  0  0  0  0  0/0     5:56   0:00   0:26 
John Hayden              0  0  0   0  0   0  0  0  0  0  0/1     8:26   0:00   1:06 
Mark Fraser              0  1  1   1  2   0  1  3  0  0  0/0    13:34   0:00   0:00 
Matt Carle               0  0  0   0  5   0  0  0  0  0  0/0    10:52   0:00   0:55 
Michael Kostka           0  1  1  -1  10  0  2  4  0  1  0/0    25:11   4:15   3:43 
Mike Blunden             1  2  3   3  0   4  1  0  0  0  0/0    15:51   2:21   0:00 
Nicolas Deslauriers      0  1  1   4  0   1  1  0  0  0  0/0    18:19   1:42   1:56 
Tyler Wotherspoon        0  1  1   4  0   1  2  1  0  0  0/0    18:24   1:42   1:56 

Players Stats for Sherbrooke Phoenix

Player Name              G  A  P  +/- PIM S  H  SB GA TA FO     MP     PP MP  PK MP  
------------------------------------------------------------------------------------
Blake Coleman            0  1  1  -4  0   1  2  1  1  0  1/3    21:12   2:27   0:00 
Blake Siebenaler         0  0  0  -2  0   0  1  0  0  0  0/0    17:20   2:11   1:33 
Brad Malone              0  0  0  -3  0   2  1  1  0  1  8/12   19:09   2:27   1:27 
Brandon Mashinter        0  0  0  -3  4   1  2  0  0  0  0/0    18:31   2:27   0:26 
Casey Bailey             3  2  5   2  0   5  1  0  0  0  17/35  26:17   3:16   3:58 
Chris Carlisle           0  0  0   2  0   0  0  0  0  0  0/0    15:04   0:00   2:44 
Conner Bleackley         0  0  0  -1  0   0  0  1  0  0  0/1     5:26   0:00   0:16 
Daniel Zaar              1  1  2   0  5   7  1  0  1  0  0/0    17:59   3:16   0:00 
Dylan Labbe              0  0  0  -1  0   0  0  0  0  0  0/0     7:15   0:00   0:12 
Francis Perron           0  0  0   1  0   2  0  0  0  0  2/4     7:46   0:00   0:19 
Jordan Subban            0  1  1   0  0   0  0  4  1  1  0/0    25:43   3:32   4:24 
Julius Bergman           0  0  0  -2  0   0  1  0  0  1  0/0    17:20   2:11   1:33 
Justin Florek            0  0  0  -2  0   0  0  0  0  0  0/0    10:35   0:00   1:30 
Mac Bennett              0  0  0  -1  0   0  0  0  0  0  0/0     5:12   0:00   0:00 
Max Friberg              1  2  3   1  0   4  0  0  1  2  0/3    26:12   3:16   3:58 
Mike Weber               0  1  1  -1  12  1  0  1  0  0  0/0    18:56   3:32   1:28 
Pascal Pelletier         1  0  1  -1  0   2  0  0  0  0  0/2     9:50   0:00   0:00 
Tommy Hughes             0  1  1  -1  0   0  0  0  0  0  0/0    14:18   0:00   0:00 
Troy Bourke              0  0  0  -1  0   1  2  1  0  0  0/0     9:52   0:00   0:00 

3 Stars

1 - Casey Bailey (PHO)
2 - Mike Blunden (BEA)
3 - Chris Bourque (BEA)

Power Play

Hershey Bears - 0 on 3 Attempt(s) - 0,00%
Sherbrooke Phoenix - 2 on 4 Attempt(s) - 50,00%

Penalty Kill

Hershey Bears - 2 on 4 Attempt(s) - 50,00% - Score 0 goal in Penalty Kill
Sherbrooke Phoenix - 3 on 3 Attempt(s) - 100,00% - Score 2 goal in Penalty Kill

Team Stat

Hershey Bears - Hits : 21 - Faceoff Wins : 32 - Blocked Shots : 15 - Penalty Minutes : 23
Sherbrooke Phoenix - Hits : 11 - Faceoff Wins : 28 - Blocked Shots : 9 - Penalty Minutes : 21

Official

Referees : Francis Charron and Ian Walsh
Linesman : Lonnie Cameron and Scott Driscoll

Game Notes

Michael Kostka beats up Mike Weber at 0:15 of 2nd period
Antoine Bibeau enters game at 6:05 of 2nd period
Mike Weber beats up Matt Carle at 18:49 of 2nd period
Cory Conacher has scored in a empty net!
Casey Bailey has scored a Hat Trick!
Daniel Zaar and Michael Kostka fight to a draw at 19:59 of 3rd period

Finance

Level 1 -- Attendance: 1372 (68,60%) -- Ticket Income 54 880 $
Level 2 -- Attendance: 721 (72,10%) -- Ticket Income 14 420 $
Total Attendance: 2093 (69,77%)
Total Ticket Income: 69 300 $
Other Income: 33 957 $
Total Income: 103 257 $

Hershey Bears

5 vs 5 Forward 
   Center                   Left Wing                Right Wing               Time % Phy DF OF 
 1 Andy Miele               Cory Conacher            Andrew Desjardins        40     1   2  2  
 2 Chris Wagner             Chris Bourque            Mike Blunden             30     1   2  2  
 3 Colby Cave               Brendan Gaunce           Carter Camper            20     1   2  2  
 4 John Hayden              Cristoval Nieves         Cory Conacher            10     1   2  2  

5 vs 5 Defense 
   Defense                  Defense                                           Time % Phy DF OF 
 1 Dalton Prout             Michael Kostka                                    40     1   2  2  
 2 Tyler Wotherspoon        Nicolas Deslauriers                               30     1   2  2  
 3 Mark Fraser              Matt Carle                                        20     1   2  2  
 4 James Wisniewski         Dalton Prout                                      10     1   2  2  

PowerPlay Forward 
   Center                   Left Wing                Right Wing               Time % Phy DF OF 
 1 Andy Miele               Cory Conacher            Andrew Desjardins        60     1   2  2  
 2 Chris Wagner             Chris Bourque            Mike Blunden             40     1   2  2  

PowerPlay Defense
   Defense                  Defense                                           Time % Phy DF OF 
 1 Dalton Prout             Michael Kostka                                    60     1   2  2  
 2 Tyler Wotherspoon        Nicolas Deslauriers                               40     1   2  2  

Penalty Kill 4 Players Forward 
   Center                   Wing                     Time % Phy DF OF 
 1 Cory Conacher            Andy Miele               60     1   2  2  
 2 Andrew Desjardins        Chris Wagner             40     1   2  2  

Penalty Kill 4 Players Defense
   Defense                  Defense                  Time % Phy DF OF 
 1 Dalton Prout             Michael Kostka           60     1   2  2  
 2 Tyler Wotherspoon        Nicolas Deslauriers      40     1   2  2  

Penalty Kill - 3 Players Forward 
   Forward                                           Time % Phy DF OF 
 1 Cory Conacher                                     60     1   2  2  
 2 Andy Miele                                        40     1   2  2  

Penalty Kill - 3 Players Defense
   Defense                  Defense                  Time % Phy DF OF 
 1 Dalton Prout             Michael Kostka           60     1   2  2  
 2 Tyler Wotherspoon        Nicolas Deslauriers      40     1   2  2  

4 vs 4 Forward 
   Center                   Wing                     Time % Phy DF OF 
 1 Cory Conacher            Andy Miele               60     1   2  2  
 2 Andrew Desjardins        Chris Wagner             40     1   2  2  

4 vs 4 Defense
   Defense                  Defense                  Time % Phy DF OF 
 1 Dalton Prout             Michael Kostka           60     1   2  2  
 2 Tyler Wotherspoon        Nicolas Deslauriers      40     1   2  2  

Last Minutes Offensive
   Center                   Left Wing                Right Wing               Defense                  Defense                  
   Andy Miele               Cory Conacher            Andrew Desjardins        Dalton Prout             Michael Kostka           

Last Minutes Defensive
   Center                   Left Wing                Right Wing               Defense                  Defense                  
   Andy Miele               Cory Conacher            Andrew Desjardins        Dalton Prout             Michael Kostka           

Goaltenders
Starting : Mike McKenna             
Backup : Mackenzie Skapski        

Extra Forwards
Normal : Colby Cave, Brendan Gaunce, John Hayden - PP : Colby Cave, Brendan Gaunce - PK : John Hayden
Extra Defensemen
Normal : Mark Fraser, Matt Carle, James Wisniewski - PP : Mark Fraser - PK : Matt Carle, James Wisniewski
Penalty Shots
Cory Conacher, Andy Miele, Andrew Desjardins, Chris Wagner, Nicolas Deslauriers

Scratches
Tom Sestito (Healthy), Bryce Gervais (Healthy), Teddy Blueger (Healthy), Thomas Di Pauli (Healthy), Justin Hickman (Healthy)
Klas Dahlbeck (Healthy), Markus Eisenschmid (Healthy)

Sherbrooke Phoenix

5 vs 5 Forward 
   Center                   Left Wing                Right Wing               Time % Phy DF OF 
 1 Casey Bailey             Max Friberg              Daniel Zaar              40     1   2  2  
 2 Brad Malone              Brandon Mashinter        Blake Coleman            30     1   2  2  
 3 Blake Coleman            Justin Florek            Casey Bailey             20     1   2  2  
 4 Pascal Pelletier         Troy Bourke              Max Friberg              10     1   2  2  

5 vs 5 Defense 
   Defense                  Defense                                           Time % Phy DF OF 
 1 Jordan Subban            Mike Weber                                        40     1   2  2  
 2 Julius Bergman           Blake Siebenaler                                  30     1   2  2  
 3 Tommy Hughes             Chris Carlisle                                    20     1   2  2  
 4 Dylan Labbe              Mac Bennett                                       10     1   2  2  

PowerPlay Forward 
   Center                   Left Wing                Right Wing               Time % Phy DF OF 
 1 Casey Bailey             Max Friberg              Daniel Zaar              60     1   2  2  
 2 Brad Malone              Brandon Mashinter        Blake Coleman            40     1   2  2  

PowerPlay Defense
   Defense                  Defense                                           Time % Phy DF OF 
 1 Jordan Subban            Mike Weber                                        60     1   2  2  
 2 Julius Bergman           Blake Siebenaler                                  40     1   2  2  

Penalty Kill 4 Players Forward 
   Center                   Wing                     Time % Phy DF OF 
 1 Casey Bailey             Max Friberg              60     1   2  2  
 2 Brandon Mashinter        Brad Malone              40     1   2  2  

Penalty Kill 4 Players Defense
   Defense                  Defense                  Time % Phy DF OF 
 1 Jordan Subban            Mike Weber               60     1   2  2  
 2 Julius Bergman           Blake Siebenaler         40     1   2  2  

Penalty Kill - 3 Players Forward 
   Forward                                           Time % Phy DF OF 
 1 Casey Bailey                                      60     1   2  2  
 2 Max Friberg                                       40     1   2  2  

Penalty Kill - 3 Players Defense
   Defense                  Defense                  Time % Phy DF OF 
 1 Jordan Subban            Mike Weber               60     1   2  2  
 2 Julius Bergman           Blake Siebenaler         40     1   2  2  

4 vs 4 Forward 
   Center                   Wing                     Time % Phy DF OF 
 1 Casey Bailey             Max Friberg              60     1   2  2  
 2 Brandon Mashinter        Brad Malone              40     1   2  2  

4 vs 4 Defense
   Defense                  Defense                  Time % Phy DF OF 
 1 Jordan Subban            Mike Weber               60     1   2  2  
 2 Julius Bergman           Blake Siebenaler         40     1   2  2  

Last Minutes Offensive
   Center                   Left Wing                Right Wing               Defense                  Defense                  
   Casey Bailey             Max Friberg              Daniel Zaar              Jordan Subban            Mike Weber               

Last Minutes Defensive
   Center                   Left Wing                Right Wing               Defense                  Defense                  
   Casey Bailey             Max Friberg              Daniel Zaar              Jordan Subban            Mike Weber               

Goaltenders
Starting : Vitek Vanecek            
Backup : Antoine Bibeau           

Extra Forwards
Normal : Francis Perron, Conner Bleackley, Justin Florek - PP : Francis Perron, Conner Bleackley - PK : Justin Florek
Extra Defensemen
Normal : Tommy Hughes, Chris Carlisle, Dylan Labbe - PP : Tommy Hughes - PK : Chris Carlisle, Dylan Labbe
Penalty Shots
Casey Bailey, Max Friberg, Brandon Mashinter, Brad Malone, Blake Coleman

Scratches
Brandon Alderson (Healthy), Garrett Mitchell (Healthy)

% Time on Ice - Hershey Bears

Lines # - Real PCT - Wanted PCT - Time Play
Normal Forward
1 - 31% - 40% - 14:35
2 - 31% - 30% - 14:54
3 - 25% - 20% - 12:01
4 - 12% - 10% - 5:51
Normal Defense
1 - 40% - 40% - 18:52
2 - 31% - 30% - 14:41
3 - 24% - 20% - 11:21
4 - 5% - 10% - 2:27
PP Forward
1 - 61% - 60% - 3:36
2 - 39% - 40% - 2:21
PP Defense
1 - 71% - 60% - 4:15
2 - 29% - 40% - 1:42
PK Forward
1 - 71% - 60% - 4:03
2 - 29% - 40% - 1:40
PK Defense
1 - 66% - 60% - 3:47
2 - 34% - 40% - 1:56
PK3 Forward
1 - 0% - 60%
2 - 0% - 40%
PK3 Defense
1 - 0% - 60%
2 - 0% - 40%
44 Forward
1 - 0% - 60%
2 - 0% - 40%
44 Defense
1 - 0% - 60%
2 - 0% - 40%
Last Minute Offensive  - 0:00
Last Minute Defensive  - 0:59
Total
Forward - 60:00
Defense - 60:00

% Time on Ice - Sherbrooke Phoenix

Lines # - Real PCT - Wanted PCT - Time Play
Normal Forward
1 - 29% - 40% - 13:54
2 - 35% - 30% - 16:31
3 - 15% - 20% - 7:04
4 - 21% - 10% - 9:52
Normal Defense
1 - 37% - 40% - 17:33
2 - 29% - 30% - 13:36
3 - 23% - 20% - 11:00
4 - 11% - 10% - 5:12
PP Forward
1 - 57% - 60% - 3:16
2 - 43% - 40% - 2:27
PP Defense
1 - 62% - 60% - 3:32
2 - 38% - 40% - 2:11
PK Forward
1 - 76% - 60% - 4:30
2 - 24% - 40% - 1:27
PK Defense
1 - 74% - 60% - 4:24
2 - 26% - 40% - 1:33
PK3 Forward
1 - 0% - 60%
2 - 0% - 40%
PK3 Defense
1 - 0% - 60%
2 - 0% - 40%
44 Forward
1 - 0% - 60%
2 - 0% - 40%
44 Defense
1 - 0% - 60%
2 - 0% - 40%
Last Minute Offensive  - 0:59
Last Minute Defensive  - 0:00
Total
Forward - 60:00
Defense - 60:00

Play by Play

1st period


0:01 of 1st period - Casey Bailey wins face-off versus Andy Miele in neutral zone.
0:06 of 1st period - Snap shot by Casey Bailey.
0:06 of 1st period - Stopped by Mike McKenna without a rebound.
0:07 of 1st period - Andy Miele wins face-off versus Max Friberg in Hershey Bears zone.
0:07 of 1st period - Andy Miele is hit by Daniel Zaar.
0:21 of 1st period - Slapshot by Casey Bailey.
0:21 of 1st period - Shot Misses the Net.
0:23 of 1st period - Slapshot by Jordan Subban.
0:23 of 1st period - Shot Blocked by Michael Kostka.
1:21 of 1st period - Wrist shot by Daniel Zaar.
1:21 of 1st period - Shot Misses the Net.
1:37 of 1st period - Slapshot by Cory Conacher.
1:37 of 1st period - Stopped by Vitek Vanecek with a rebound.
2:11 of 1st period - Mike Weber is hit by Dalton Prout and loses puck.
2:24 of 1st period - Wrist shot by Casey Bailey.
2:24 of 1st period - Shot Misses the Net.
2:30 of 1st period - Wrist shot by Daniel Zaar.
2:30 of 1st period - Stopped by Mike McKenna without a rebound.
2:31 of 1st period - Brad Malone wins face-off versus Chris Wagner in Hershey Bears zone.
2:46 of 1st period - Snap shot by Chris Bourque.
2:46 of 1st period - Shot Blocked by Blake Coleman.
3:04 of 1st period - Julius Bergman is hit by Mark Fraser and loses puck.
3:23 of 1st period - Snap shot by Troy Bourke.
3:23 of 1st period - Shot Misses the Net.
3:25 of 1st period - Slapshot by Blake Siebenaler.
3:25 of 1st period - Shot Blocked by Mark Fraser.
5:56 of 1st period - Chris Bourque is hit by Brandon Mashinter and loses puck.
6:27 of 1st period - Dalton Prout is hit by Troy Bourke and loses puck.
10:27 of 1st period - Icing by Mac Bennett.
10:28 of 1st period - Colby Cave wins face-off versus Brad Malone in Sherbrooke Phoenix zone.
10:53 of 1st period - Wrist shot by Max Friberg.
10:53 of 1st period - Shot Misses the Net.
10:55 of 1st period - Snap shot by Francis Perron.
10:55 of 1st period - Stopped by Mike McKenna without a rebound.
10:56 of 1st period - Colby Cave wins face-off versus Francis Perron in Hershey Bears zone.
11:37 of 1st period - Snap shot by Chris Bourque.
11:37 of 1st period - Stopped by Vitek Vanecek without a rebound.
11:38 of 1st period - Brad Malone wins face-off versus Chris Wagner in Sherbrooke Phoenix zone.
11:38 of 1st period - Brad Malone is hit by Nicolas Deslauriers.
11:50 of 1st period - Slapshot by Chris Wagner.
11:50 of 1st period - Stopped by Vitek Vanecek with a rebound.
11:52 of 1st period - Wrist shot by Mike Blunden.
11:52 of 1st period - Shot Blocked by Brad Malone.
11:54 of 1st period - Wrist shot by Chris Bourque.
11:54 of 1st period - Goal by Chris Bourque - Hershey Bears : 1 - Sherbrooke Phoenix : 0.
11:55 of 1st period - Andy Miele wins face-off versus Casey Bailey in neutral zone.
12:32 of 1st period - Icing by Tyler Wotherspoon.
12:33 of 1st period - Chris Wagner wins face-off versus Casey Bailey in Hershey Bears zone.
12:51 of 1st period - Mike Blunden is hit by Casey Bailey and loses puck.
13:14 of 1st period - Slapshot by Andy Miele.
13:14 of 1st period - Stopped by Vitek Vanecek with a rebound.
13:26 of 1st period - Wrist shot by Max Friberg.
13:26 of 1st period - Shot Misses the Net.
13:30 of 1st period - Slapshot by Troy Bourke.
13:30 of 1st period - Stopped by Mike McKenna with a rebound.
14:03 of 1st period - Snap shot by Cory Conacher.
14:03 of 1st period - Stopped by Vitek Vanecek with a rebound.
14:59 of 1st period - Blake Coleman is hit by Carter Camper and loses puck.
15:54 of 1st period - Snap shot by Francis Perron.
15:54 of 1st period - Shot Misses the Net.
16:58 of 1st period - Mike Weber is hit by Andrew Desjardins and loses puck.
17:17 of 1st period - Nicolas Deslauriers is hit by Troy Bourke and loses puck.
17:58 of 1st period - Minor Penalty to Mark Fraser for Hooking.
17:59 of 1st period - Cory Conacher wins face-off versus Casey Bailey in Hershey Bears zone.
18:09 of 1st period - Slapshot by Cory Conacher.
18:09 of 1st period - Shot Misses the Net.
18:52 of 1st period - Icing by Brandon Mashinter.
18:53 of 1st period - Brad Malone wins face-off versus Andy Miele in Sherbrooke Phoenix zone.
18:53 of 1st period - Brad Malone is hit by Tyler Wotherspoon.
19:07 of 1st period - Wrist shot by Casey Bailey.
19:07 of 1st period - Shot Misses the Net.
19:09 of 1st period - Slapshot by Casey Bailey.
19:09 of 1st period - Deflect By Daniel Zaar.
19:09 of 1st period - Shot Blocked by Tyler Wotherspoon.
19:09 of 1st period - Puck is out of play.
19:10 of 1st period - Casey Bailey wins face-off versus Andrew Desjardins in Hershey Bears zone.
19:17 of 1st period - Slapshot by Casey Bailey.
19:17 of 1st period - Shot Misses the Net.
19:19 of 1st period - Slapshot by Mike Weber.
19:19 of 1st period - Stopped by Mike McKenna with a rebound.
19:21 of 1st period - Slapshot by Jordan Subban.
19:21 of 1st period - Shot Blocked by Dalton Prout.
19:23 of 1st period - Wrist shot by Mike Weber.
19:23 of 1st period - Shot Blocked by Michael Kostka.
19:25 of 1st period - Slapshot by Mike Weber.
19:25 of 1st period - Deflect By Daniel Zaar.
19:25 of 1st period - Stopped by Mike McKenna with a rebound.
19:27 of 1st period - Wrist shot by Daniel Zaar.
19:27 of 1st period - Shot Misses the Net.
19:29 of 1st period - Wrist shot by Casey Bailey.
19:29 of 1st period - Shot Blocked by Michael Kostka.
19:31 of 1st period - Slapshot by Daniel Zaar.
19:31 of 1st period - Goal by Daniel Zaar - Hershey Bears : 1 - Sherbrooke Phoenix : 1.
19:32 of 1st period - Casey Bailey wins face-off versus Andy Miele in neutral zone.
19:37 of 1st period - Wrist shot by Max Friberg.
19:37 of 1st period - Stopped by Mike McKenna with a rebound.
19:58 of 1st period - Andrew Desjardins is hit by Brad Malone and loses puck.
Goals for this period are 1 for Hershey Bears vs 1 for Sherbrooke Phoenix.
Shots for this period are 6 for Hershey Bears vs 8 for Sherbrooke Phoenix.

2nd period


0:01 of 2nd period - Andy Miele wins face-off versus Casey Bailey in neutral zone.
0:06 of 2nd period - Snap shot by Cory Conacher.
0:06 of 2nd period - Deflect By Andy Miele.
0:06 of 2nd period - Shot Blocked by Jordan Subban.
0:06 of 2nd period - Puck is out of play.
0:07 of 2nd period - Casey Bailey wins face-off versus Andy Miele in Sherbrooke Phoenix zone.
0:12 of 2nd period - Wrist shot by Andy Miele.
0:12 of 2nd period - Shot Misses the Net.
0:15 of 2nd period - Michael Kostka beats up Mike Weber.
0:15 of 2nd period - Penalty to Mike Weber for Fighting.
0:15 of 2nd period - Penalty to Michael Kostka for Fighting.
0:16 of 2nd period - Andy Miele wins face-off versus Casey Bailey in Sherbrooke Phoenix zone.
0:43 of 2nd period - Mike Blunden is hit by Blake Coleman.
0:49 of 2nd period - Wrist shot by Chris Bourque.
0:49 of 2nd period - Stopped by Vitek Vanecek without a rebound.
0:50 of 2nd period - Brad Malone wins face-off versus Chris Wagner in Sherbrooke Phoenix zone.
0:50 of 2nd period - Brad Malone is hit by Tyler Wotherspoon.
1:16 of 2nd period - Snap shot by Mike Blunden.
1:16 of 2nd period - Stopped by Vitek Vanecek with a rebound.
1:18 of 2nd period - Backhand shot by Chris Bourque.
1:18 of 2nd period - Shot Misses the Net.
1:20 of 2nd period - Snap shot by Nicolas Deslauriers.
1:20 of 2nd period - Stopped by Vitek Vanecek with a rebound.
1:22 of 2nd period - Snap shot by Mike Blunden.
1:22 of 2nd period - Goal by Mike Blunden - Hershey Bears : 2 - Sherbrooke Phoenix : 1.
1:23 of 2nd period - Andy Miele wins face-off versus Casey Bailey in neutral zone.
1:57 of 2nd period - Snap shot by Mike Blunden.
1:57 of 2nd period - Shot Misses the Net.
2:09 of 2nd period - Snap shot by Carter Camper.
2:09 of 2nd period - Shot Blocked by Troy Bourke.
2:58 of 2nd period - Off-side.
2:59 of 2nd period - Chris Wagner wins face-off versus Pascal Pelletier in neutral zone.
3:14 of 2nd period - Snap shot by Chris Bourque.
3:14 of 2nd period - Shot Misses the Net.
3:32 of 2nd period - Wrist shot by Carter Camper.
3:32 of 2nd period - Shot Hit the Post.
3:34 of 2nd period - Wrist shot by Carter Camper.
3:34 of 2nd period - Goal by Carter Camper - Hershey Bears : 3 - Sherbrooke Phoenix : 1.
3:35 of 2nd period - Casey Bailey wins face-off versus Cory Conacher in neutral zone.
5:12 of 2nd period - Dalton Prout is hit by Blake Coleman.
5:13 of 2nd period - Icing by Dalton Prout.
5:14 of 2nd period - Casey Bailey wins face-off versus Chris Wagner in Hershey Bears zone.
5:15 of 2nd period - Backhand shot by Daniel Zaar.
5:15 of 2nd period - Deflect By Chris Bourque.
5:15 of 2nd period - Stopped by Mike McKenna without a rebound.
5:16 of 2nd period - Andy Miele wins face-off versus Casey Bailey in Hershey Bears zone.
5:32 of 2nd period - Snap shot by Casey Bailey.
5:32 of 2nd period - Deflect By Andy Miele.
5:32 of 2nd period - Shot Blocked by Andy Miele.
5:32 of 2nd period - Puck is out of play.
5:33 of 2nd period - Chris Wagner wins face-off versus Blake Coleman in Hershey Bears zone.
5:46 of 2nd period - Wrist shot by Mike Blunden.
5:46 of 2nd period - Stopped by Vitek Vanecek with a rebound.
5:58 of 2nd period - Blake Coleman is hit by Michael Kostka and loses puck.
6:05 of 2nd period - Snap shot by Colby Cave.
6:05 of 2nd period - Goal by Colby Cave - Hershey Bears : 4 - Sherbrooke Phoenix : 1.
6:05 of 2nd period - Antoine Bibeau enters game.
6:06 of 2nd period - Andy Miele wins face-off versus Casey Bailey in neutral zone.
6:36 of 2nd period - Snap shot by Brad Malone.
6:36 of 2nd period - Stopped by Mike McKenna with a rebound.
6:38 of 2nd period - Snap shot by Brandon Mashinter.
6:38 of 2nd period - Stopped by Mike McKenna without a rebound.
6:39 of 2nd period - Andy Miele wins face-off versus Casey Bailey in Hershey Bears zone.
6:54 of 2nd period - Wrist shot by Max Friberg.
6:54 of 2nd period - Stopped by Mike McKenna without a rebound.
6:55 of 2nd period - Brad Malone wins face-off versus Chris Wagner in Hershey Bears zone.
7:32 of 2nd period - Max Friberg is hit by Andy Miele and loses puck.
7:49 of 2nd period - Slapshot by Cory Conacher.
7:49 of 2nd period - Stopped by Antoine Bibeau with a rebound.
8:11 of 2nd period - Snap shot by Cory Conacher.
8:11 of 2nd period - Goal by Cory Conacher - Hershey Bears : 5 - Sherbrooke Phoenix : 1.
8:12 of 2nd period - Colby Cave wins face-off versus Casey Bailey in neutral zone.
8:19 of 2nd period - Slapshot by Daniel Zaar.
8:19 of 2nd period - Shot Blocked by Dalton Prout.
8:21 of 2nd period - Slapshot by Jordan Subban.
8:21 of 2nd period - Shot Blocked by Colby Cave.
8:28 of 2nd period - Minor Penalty to Mike Weber for Roughing.
8:29 of 2nd period - Casey Bailey wins face-off versus Andy Miele in Sherbrooke Phoenix zone.
8:39 of 2nd period - Wrist shot by Casey Bailey.
8:39 of 2nd period - Shot Blocked by Dalton Prout.
8:43 of 2nd period - Wrist shot by Casey Bailey.
8:43 of 2nd period - Shot Blocked by Dalton Prout.
8:45 of 2nd period - Snap shot by Max Friberg.
8:45 of 2nd period - Goal by Max Friberg - Hershey Bears : 5 - Sherbrooke Phoenix : 2.
8:46 of 2nd period - Casey Bailey wins face-off versus Andy Miele in neutral zone.
8:51 of 2nd period - Slapshot by Casey Bailey.
8:51 of 2nd period - Goal by Casey Bailey - Hershey Bears : 5 - Sherbrooke Phoenix : 3.
8:52 of 2nd period - Andy Miele wins face-off versus Casey Bailey in neutral zone.
8:57 of 2nd period - Snap shot by Max Friberg.
8:57 of 2nd period - Shot Misses the Net.
10:28 of 2nd period - Penalty to Mike Weber is over, Mike Weber is back on ice.
10:50 of 2nd period - Troy Bourke is hit by Cory Conacher and loses puck.
11:46 of 2nd period - Icing by Chris Wagner.
11:47 of 2nd period - Andy Miele wins face-off versus Brad Malone in Hershey Bears zone.
11:47 of 2nd period - Andy Miele is hit by Brandon Mashinter.
12:03 of 2nd period - Max Friberg is hit by Colby Cave.
12:42 of 2nd period - Snap shot by Cory Conacher.
12:42 of 2nd period - Shot Misses the Net.
12:44 of 2nd period - Snap shot by Mike Blunden.
12:44 of 2nd period - Stopped by Antoine Bibeau with a rebound.
12:46 of 2nd period - Slapshot by Tyler Wotherspoon.
12:46 of 2nd period - Stopped by Antoine Bibeau with a rebound.
12:48 of 2nd period - Snap shot by Chris Wagner.
12:48 of 2nd period - Goal by Chris Wagner - Hershey Bears : 6 - Sherbrooke Phoenix : 3.
12:49 of 2nd period - Blake Coleman wins face-off versus Andy Miele in neutral zone.
12:54 of 2nd period - Wrist shot by Blake Coleman.
12:54 of 2nd period - Shot Hit the Post.
13:00 of 2nd period - Justin Florek is hit by Dalton Prout.
13:28 of 2nd period - Slapshot by Blake Coleman.
13:28 of 2nd period - Stopped by Mike McKenna without a rebound.
13:29 of 2nd period - Andy Miele wins face-off versus Pascal Pelletier in Hershey Bears zone.
13:39 of 2nd period - Snap shot by Andy Miele.
13:39 of 2nd period - Stopped by Antoine Bibeau with a rebound.
14:58 of 2nd period - Minor Penalty to Brendan Gaunce for Hooking.
14:59 of 2nd period - Cory Conacher wins face-off versus Casey Bailey in Hershey Bears zone.
15:49 of 2nd period - Nicolas Deslauriers is hit by Blake Siebenaler and loses puck.
16:45 of 2nd period - Blake Coleman is hit by Cristoval Nieves and loses puck.
16:58 of 2nd period - Penalty to Brendan Gaunce is over, Brendan Gaunce is back on ice.
17:12 of 2nd period - Slapshot by Andrew Desjardins.
17:12 of 2nd period - Stopped by Antoine Bibeau with a rebound.
18:05 of 2nd period - Blake Coleman is hit by Carter Camper and loses puck.
18:32 of 2nd period - Wrist shot by Brad Malone.
18:32 of 2nd period - Shot Misses the Net.
18:46 of 2nd period - Slapshot by Brad Malone.
18:46 of 2nd period - Stopped by Mike McKenna without a rebound.
18:47 of 2nd period - Casey Bailey wins face-off versus Carter Camper in Hershey Bears zone.
18:49 of 2nd period - Mike Weber beats up Matt Carle.
18:49 of 2nd period - Penalty to Mike Weber for Fighting.
18:49 of 2nd period - Penalty to Matt Carle for Fighting.
18:50 of 2nd period - Andy Miele wins face-off versus Casey Bailey in Hershey Bears zone.
19:08 of 2nd period - Icing by Jordan Subban.
19:09 of 2nd period - Chris Wagner wins face-off versus Casey Bailey in Sherbrooke Phoenix zone.
19:20 of 2nd period - Snap shot by Chris Wagner.
19:20 of 2nd period - Shot Hit the Post.
19:22 of 2nd period - Snap shot by Chris Bourque.
19:22 of 2nd period - Stopped by Antoine Bibeau with a rebound.
19:24 of 2nd period - Snap shot by Chris Wagner.
19:24 of 2nd period - Stopped by Antoine Bibeau without a rebound.
19:25 of 2nd period - Brad Malone wins face-off versus Andy Miele in Sherbrooke Phoenix zone.
19:27 of 2nd period - Minor Penalty to Brandon Mashinter for Cross-checking.
19:28 of 2nd period - Andy Miele wins face-off versus Casey Bailey in Sherbrooke Phoenix zone.
19:34 of 2nd period - Wrist shot by Cory Conacher.
19:34 of 2nd period - Shot Blocked by Jordan Subban.
19:36 of 2nd period - Slapshot by Michael Kostka.
19:36 of 2nd period - Shot Misses the Net.
Goals for this period are 5 for Hershey Bears vs 2 for Sherbrooke Phoenix.
Shots for this period are 16 for Hershey Bears vs 8 for Sherbrooke Phoenix.

3rd period


0:01 of 3rd period - Casey Bailey wins face-off versus Andy Miele in neutral zone.
0:27 of 3rd period - Jordan Subban is hit by Chris Bourque and loses puck.
1:27 of 3rd period - Penalty to Brandon Mashinter is over, Brandon Mashinter is back on ice.
2:18 of 3rd period - Wrist shot by Francis Perron.
2:18 of 3rd period - Shot Blocked by Mark Fraser.
2:20 of 3rd period - Slapshot by Dylan Labbe.
2:20 of 3rd period - Deflect By Francis Perron.
2:20 of 3rd period - Stopped by Mike McKenna with a rebound.
3:46 of 3rd period - Snap shot by Dalton Prout.
3:46 of 3rd period - Shot Blocked by Conner Bleackley.
3:48 of 3rd period - Wrist shot by Colby Cave.
3:48 of 3rd period - Deflect By John Hayden.
3:48 of 3rd period - Shot Misses the Net.
3:48 of 3rd period - Puck is out of play.
3:49 of 3rd period - Francis Perron wins face-off versus John Hayden in Sherbrooke Phoenix zone.
4:16 of 3rd period - Icing by Brandon Mashinter.
4:17 of 3rd period - Brad Malone wins face-off versus Chris Wagner in Sherbrooke Phoenix zone.
4:26 of 3rd period - Wrist shot by Chris Bourque.
4:26 of 3rd period - Shot Misses the Net.
4:28 of 3rd period - Wrist shot by Mike Blunden.
4:28 of 3rd period - Shot Misses the Net.
5:37 of 3rd period - Off-side.
5:38 of 3rd period - Francis Perron wins face-off versus Andy Miele in neutral zone.
5:41 of 3rd period - Wrist shot by Casey Bailey.
5:41 of 3rd period - Stopped by Mike McKenna without a rebound.
5:42 of 3rd period - Andrew Desjardins wins face-off versus Francis Perron in Hershey Bears zone.
5:53 of 3rd period - Wrist shot by Andy Miele.
5:53 of 3rd period - Shot Hit the Post.
5:55 of 3rd period - Wrist shot by Cory Conacher.
5:55 of 3rd period - Stopped by Antoine Bibeau without a rebound.
5:56 of 3rd period - Casey Bailey wins face-off versus Andy Miele in Sherbrooke Phoenix zone.
5:56 of 3rd period - Casey Bailey is hit by Cory Conacher.
6:10 of 3rd period - Snap shot by Daniel Zaar.
6:10 of 3rd period - Stopped by Mike McKenna with a rebound.
6:12 of 3rd period - Slapshot by Mike Weber.
6:12 of 3rd period - Shot Blocked by Michael Kostka.
6:45 of 3rd period - Wrist shot by Max Friberg.
6:45 of 3rd period - Stopped by Mike McKenna with a rebound.
6:47 of 3rd period - Snap shot by Max Friberg.
6:47 of 3rd period - Shot Misses the Net.
7:36 of 3rd period - Off-side.
7:37 of 3rd period - Brad Malone wins face-off versus Colby Cave in neutral zone.
7:44 of 3rd period - Slapshot by Jordan Subban.
7:44 of 3rd period - Shot Misses the Net.
7:46 of 3rd period - Slapshot by Brandon Mashinter.
7:46 of 3rd period - Shot Misses the Net.
8:17 of 3rd period - Minor Penalty to Carter Camper for Hooking.
8:18 of 3rd period - Cory Conacher wins face-off versus Max Friberg in Hershey Bears zone.
8:25 of 3rd period - Wrist shot by Max Friberg.
8:25 of 3rd period - Shot Misses the Net.
8:27 of 3rd period - Snap shot by Daniel Zaar.
8:27 of 3rd period - Shot Blocked by Andy Miele.
8:29 of 3rd period - Wrist shot by Daniel Zaar.
8:29 of 3rd period - Deflect By Casey Bailey.
8:29 of 3rd period - Goal by Casey Bailey - Hershey Bears : 6 - Sherbrooke Phoenix : 4.
8:30 of 3rd period - Casey Bailey wins face-off versus Andy Miele in neutral zone.
8:41 of 3rd period - Snap shot by Andy Miele.
8:41 of 3rd period - Stopped by Antoine Bibeau with a rebound.
8:43 of 3rd period - Slapshot by Dalton Prout.
8:43 of 3rd period - Stopped by Antoine Bibeau with a rebound.
8:45 of 3rd period - Snap shot by Cory Conacher.
8:45 of 3rd period - Stopped by Antoine Bibeau without a rebound.
8:46 of 3rd period - Casey Bailey wins face-off versus Chris Wagner in Sherbrooke Phoenix zone.
9:06 of 3rd period - Minor Penalty to Dalton Prout for Interference.
9:07 of 3rd period - Casey Bailey wins face-off versus Cory Conacher in Hershey Bears zone.
9:10 of 3rd period - Snap shot by Daniel Zaar.
9:10 of 3rd period - Stopped by Mike McKenna without a rebound.
9:11 of 3rd period - Cory Conacher wins face-off versus Casey Bailey in Hershey Bears zone.
11:06 of 3rd period - Penalty to Dalton Prout is over, Dalton Prout is back on ice.
11:17 of 3rd period - Wrist shot by Pascal Pelletier.
11:17 of 3rd period - Stopped by Mike McKenna with a rebound.
11:27 of 3rd period - Snap shot by Pascal Pelletier.
11:27 of 3rd period - Goal by Pascal Pelletier - Hershey Bears : 6 - Sherbrooke Phoenix : 5.
11:28 of 3rd period - Chris Wagner wins face-off versus Casey Bailey in neutral zone.
11:41 of 3rd period - Snap shot by Daniel Zaar.
11:41 of 3rd period - Stopped by Mike McKenna with a rebound.
11:43 of 3rd period - Slapshot by Casey Bailey.
11:43 of 3rd period - Shot Misses the Net.
11:55 of 3rd period - Blake Siebenaler is hit by Dalton Prout and loses puck.
12:15 of 3rd period - Tyler Wotherspoon is hit by Julius Bergman and loses puck.
12:36 of 3rd period - Wrist shot by Chris Bourque.
12:36 of 3rd period - Shot Blocked by Jordan Subban.
13:06 of 3rd period - Wrist shot by Pascal Pelletier.
13:06 of 3rd period - Shot Blocked by Mark Fraser.
14:04 of 3rd period - Icing by Chris Carlisle.
14:05 of 3rd period - Colby Cave wins face-off versus Brad Malone in Sherbrooke Phoenix zone.
14:08 of 3rd period - Snap shot by Brendan Gaunce.
14:08 of 3rd period - Stopped by Antoine Bibeau without a rebound.
14:09 of 3rd period - Andy Miele wins face-off versus Brad Malone in Sherbrooke Phoenix zone.
14:20 of 3rd period - Wrist shot by Cory Conacher.
14:20 of 3rd period - Shot Misses the Net.
14:30 of 3rd period - Minor Penalty to Brandon Mashinter for Tripping.
14:31 of 3rd period - Casey Bailey wins face-off versus Andy Miele in Sherbrooke Phoenix zone.
14:31 of 3rd period - Casey Bailey is hit by Michael Kostka.
14:57 of 3rd period - Mike Weber is hit by Mike Blunden and loses puck.
15:02 of 3rd period - Wrist shot by Chris Bourque.
15:02 of 3rd period - Shot Misses the Net.
15:04 of 3rd period - Slapshot by Dalton Prout.
15:04 of 3rd period - Shot Misses the Net.
15:06 of 3rd period - Backhand shot by Dalton Prout.
15:06 of 3rd period - Deflect By Jordan Subban.
15:06 of 3rd period - Stopped by Antoine Bibeau with a rebound.
15:08 of 3rd period - Slapshot by Dalton Prout.
15:08 of 3rd period - Deflect By Chris Wagner.
15:08 of 3rd period - Shot Blocked by Mike Weber.
15:08 of 3rd period - Puck is out of play.
15:09 of 3rd period - Cory Conacher wins face-off versus Casey Bailey in Sherbrooke Phoenix zone.
15:46 of 3rd period - Wrist shot by Chris Bourque.
15:46 of 3rd period - Shot Blocked by Jordan Subban.
16:30 of 3rd period - Penalty to Brandon Mashinter is over, Brandon Mashinter is back on ice.
17:24 of 3rd period - Icing by Blake Siebenaler.
17:25 of 3rd period - Casey Bailey wins face-off versus Andy Miele in Sherbrooke Phoenix zone.
17:25 of 3rd period - Casey Bailey is hit by Andy Miele.
19:11 of 3rd period - Conner Bleackley is hit by Cory Conacher and loses puck.
19:18 of 3rd period - Sherbrooke Phoenix, Antoine Bibeau is pulled from the net.
19:29 of 3rd period - Off-side.
19:30 of 3rd period - A.J. MacLean call a timeout for Sherbrooke Phoenix.
19:30 of 3rd period - Andy Miele wins face-off versus Conner Bleackley in neutral zone.
19:37 of 3rd period - Slapshot by Cory Conacher.
19:37 of 3rd period - Goal by Cory Conacher - Hershey Bears : 7 - Sherbrooke Phoenix : 5.
19:37 of 3rd period - Antoine Bibeau from Sherbrooke Phoenix was sent back in the game.
19:38 of 3rd period - Andy Miele wins face-off versus Blake Coleman in neutral zone.
19:53 of 3rd period - Snap shot by Casey Bailey.
19:53 of 3rd period - Goal by Casey Bailey - Hershey Bears : 7 - Sherbrooke Phoenix : 6.
19:54 of 3rd period - Casey Bailey wins face-off versus Andy Miele in neutral zone.
19:56 of 3rd period - Off-side.
19:57 of 3rd period - Andy Miele wins face-off versus Max Friberg in neutral zone.
19:59 of 3rd period - Daniel Zaar and Michael Kostka fight to a draw.
19:59 of 3rd period - Penalty to Daniel Zaar for Fighting.
19:59 of 3rd period - Penalty to Michael Kostka for Fighting.
Goals for this period are 1 for Hershey Bears vs 3 for Sherbrooke Phoenix.
Shots for this period are 7 for Hershey Bears vs 10 for Sherbrooke Phoenix.